TOP OF THE 1ST |
Montgomery Biscuits batting - Pitching for Memphis Blues : RHP Micheal Wood
|
Pitching: RHP Micheal Wood
|
|
Batting: RHB Glen MacDonald
|
0-0: Swinging Strike 0-1: Ground out 6-3 (Groundball, 56)
|
Batting: RHB Reinaldo Amarante
|
0-0: Ground out 5-3 (Groundball, 56S)
|
Batting: RHB Lorenzo Tamayo
|
0-0: Ball 1-0: Called Strike 1-1: Fly out, F5 (Popup, 5)
|
Top of the 1st over - 0 run(s), 0 hit(s), 0 error(s), 0 left on base; Montgomery 0 - Memphis 0 |
BOTTOM OF THE 1ST |
Memphis Blues batting - Pitching for Montgomery Biscuits : RHP Jorge Villalobos
|
Pitching: RHP Jorge Villalobos
|
|
Batting: SHB Terry Dailey
|
0-0: Ground out 5-3 (Groundball, 56S)
|
Batting: RHB Dennis Mays
|
0-0: Ball 1-0: Called Strike 1-1: Ball 2-1: Foul Ball, location: 2F 2-2: Strikes out swinging
|
Batting: LHB Weston Chaney
|
0-0: Ball 1-0: Ball 2-0: Swinging Strike 2-1: Swinging Strike 2-2: Strikes out swinging
|
Bottom of the 1st over - 0 run(s), 0 hit(s), 0 error(s), 0 left on base; Montgomery 0 - Memphis 0 |
TOP OF THE 2ND |
Montgomery Biscuits batting - Pitching for Memphis Blues : RHP Micheal Wood
|
Batting: SHB Joe Pierce
|
0-0: Ball 1-0: Ball 2-0: SINGLE (Groundball, 34D)
|
Batting: RHB Frederick Curtis
|
0-0: Ball 1-0: Ball 2-0: Ball 3-0: Base on Balls Joe Pierce to second
|
Batting: SHB Wilson Bray
|
0-0: Called Strike 0-1: Fly out, F7 (Flyball, 7S)
|
Batting: SHB Pancho Ruíz
|
0-0: Called Strike 0-1: Foul Ball, location: 2F 0-2: Ball 1-2: Strikes out swinging
|
Batting: SHB Lawrence Farley
|
0-0: Called Strike 0-1: Ball 1-1: Ball 2-1: Ball 3-1: Called Strike 3-2: Base on Balls Joe Pierce to third Frederick Curtis to second
|
Batting: SHB Hoyt Norris
|
0-0: Called Strike 0-1: Foul Ball, location: 2F 0-2: Strikes out swinging
|
Top of the 2nd over - 0 run(s), 1 hit(s), 0 error(s), 3 left on base; Montgomery 0 - Memphis 0 |
BOTTOM OF THE 2ND |
Memphis Blues batting - Pitching for Montgomery Biscuits : RHP Jorge Villalobos
|
Batting: LHB Brenton Carter
|
0-0: Called Strike 0-1: Ball 1-1: SINGLE (Line Drive, 4MD)
|
Batting: LHB Nick Gamble
|
0-0: Called Strike 0-1: Called Strike 0-2: Fielders Choice at 2nd, 6-4 (Groundball, 6)
|
Batting: RHB Leopoldo Horgan
|
0-0: Called Strike 0-1: Ground out 5-3 (Groundball, 56S) Nick Gamble to second
|
Batting: LHB Armando Domínguez
|
0-0: Foul Ball, location: 2F 0-1: Ball 1-1: Swinging Strike 1-2: Ground out U3 (Groundball, 34)
|
Bottom of the 2nd over - 0 run(s), 1 hit(s), 0 error(s), 1 left on base; Montgomery 0 - Memphis 0 |
TOP OF THE 3RD |
Montgomery Biscuits batting - Pitching for Memphis Blues : RHP Micheal Wood
|
Batting: RHB Glen MacDonald
|
0-0: Ball 1-0: Called Strike 1-1: Ball 2-1: Called Strike 2-2: Ball 3-2: Strikes out swinging
|
Batting: RHB Reinaldo Amarante
|
0-0: Ball 1-0: Fly out, F8 (Flyball, 8LS)
|
Batting: RHB Lorenzo Tamayo
|
0-0: Called Strike 0-1: Foul Ball, location: 2F 0-2: Ball 1-2: Strikes out swinging
|
Top of the 3rd over - 0 run(s), 0 hit(s), 0 error(s), 0 left on base; Montgomery 0 - Memphis 0 |
BOTTOM OF THE 3RD |
Memphis Blues batting - Pitching for Montgomery Biscuits : RHP Jorge Villalobos
|
Batting: RHB Robert Rose
|
0-0: Called Strike 0-1: Ball 1-1: Ball 2-1: Called Strike 2-2: Foul Ball, location: 2F 2-2: Ball 3-2: Foul Ball, location: 2F 3-2: Foul Ball, location: 2F 3-2: Foul Ball, location: 2F 3-2: Base on Balls
|
Batting: RHB Ángel Hernández
|
0-0: Ball 1-0: SINGLE (Flyball, 89S) Robert Rose to second
|
Batting: SHB Terry Dailey
|
0-0: Ball 1-0: Foul Ball, location: 2F 1-1: Foul Ball, location: 2F 1-2: Ball 2-2: Foul Ball, location: 2F 2-2: Ground out 5-3 (Groundball, 2L) Robert Rose to third Ángel Hernández to second
|
Batting: RHB Dennis Mays
|
0-0: Foul Ball, location: 2F 0-1: Called Strike 0-2: Foul Ball, location: 2F 0-2: Ball 1-2: Ball 2-2: Strikes out swinging
|
Batting: LHB Weston Chaney
|
0-0: Called Strike 0-1: Ball 1-1: Foul Ball, location: 2F 1-2: Ball 2-2: Ball 3-2: Foul Ball, location: 2F 3-2: Ground out 5-3 (Groundball, 2L)
|
Bottom of the 3rd over - 0 run(s), 1 hit(s), 0 error(s), 2 left on base; Montgomery 0 - Memphis 0 |
TOP OF THE 4TH |
Montgomery Biscuits batting - Pitching for Memphis Blues : RHP Micheal Wood
|
Batting: SHB Joe Pierce
|
0-0: Ball 1-0: Called Strike 1-1: Fly out, F6 (Line Drive, 6D)
|
Batting: RHB Frederick Curtis
|
0-0: Ball 1-0: Ball 2-0: Ball 3-0: Base on Balls
|
Batting: SHB Wilson Bray
|
0-0: Ball 1-0: Grounds into double play, 4-6-3 (Groundball, 34)
|
Top of the 4th over - 0 run(s), 0 hit(s), 0 error(s), 0 left on base; Montgomery 0 - Memphis 0 |
BOTTOM OF THE 4TH |
Memphis Blues batting - Pitching for Montgomery Biscuits : RHP Jorge Villalobos
|
Batting: LHB Brenton Carter
|
0-0: Ball 1-0: Called Strike 1-1: Foul Ball, location: 2F 1-2: Ball 2-2: Ground out 3-1 (Groundball, 34)
|
Batting: LHB Nick Gamble
|
0-0: Ball 1-0: Called Strike 1-1: Called Strike 1-2: SINGLE (Groundball, 6MD)
|
Batting: RHB Leopoldo Horgan
|
0-0: Ball 1-0: Foul Ball, location: 2F 1-1: Foul Ball, location: 2F 1-2: Ball 2-2: Ball 3-2: Foul Ball, location: 2F 3-2: Foul Ball, location: 2F 3-2: Strikes out looking
|
Batting: LHB Armando Domínguez
|
0-0: Ball 1-0: Fielders Choice at 2nd, U6 (Groundball, 6M)
|
Bottom of the 4th over - 0 run(s), 1 hit(s), 0 error(s), 1 left on base; Montgomery 0 - Memphis 0 |
TOP OF THE 5TH |
Montgomery Biscuits batting - Pitching for Memphis Blues : RHP Micheal Wood
|
Batting: SHB Pancho Ruíz
|
0-0: Fly out, F4 (Popup, 4)
|
Batting: SHB Lawrence Farley
|
0-0: Called Strike 0-1: Ground out 5-3 (Groundball, 25)
|
Batting: SHB Hoyt Norris
|
0-0: Called Strike 0-1: Ball 1-1: Ball 2-1: Fly out, F5 (Line Drive, 56S)
|
Top of the 5th over - 0 run(s), 0 hit(s), 0 error(s), 0 left on base; Montgomery 0 - Memphis 0 |
BOTTOM OF THE 5TH |
Memphis Blues batting - Pitching for Montgomery Biscuits : RHP Jorge Villalobos
|
Batting: RHB Robert Rose
|
0-0: Ball 1-0: Ball 2-0: Fly out, F9 (Flyball, 89S)
|
Batting: RHB Ángel Hernández
|
0-0: Called Strike 0-1: Foul Ball, location: 2F 0-2: Strikes out swinging
|
Batting: SHB Terry Dailey
|
0-0: Ball 1-0: Foul Ball, location: 2F 1-1: Foul Ball, location: 2F 1-2: Foul Ball, location: 2F 1-2: Foul Ball, location: 2F 1-2: Strikes out swinging
|
Bottom of the 5th over - 0 run(s), 0 hit(s), 0 error(s), 0 left on base; Montgomery 0 - Memphis 0 |
TOP OF THE 6TH |
Montgomery Biscuits batting - Pitching for Memphis Blues : RHP Micheal Wood
|
Batting: RHB Glen MacDonald
|
0-0: Foul Ball, location: 2F 0-1: Called Strike 0-2: Foul Ball, location: 2F 0-2: Strikes out looking
|
Batting: RHB Reinaldo Amarante
|
0-0: Ball 1-0: Ball 2-0: Ball 3-0: Called Strike 3-1: Base on Balls
|
Batting: RHB Lorenzo Tamayo
|
0-0: Ball 1-0: Ball 2-0: Ball 3-0: Base on Balls Reinaldo Amarante to second
|
Batting: SHB Joe Pierce
|
0-0: Ball 1-0: Ground out 5-3 (Groundball, 56S) Reinaldo Amarante to third Lorenzo Tamayo to second
|
Batting: RHB Frederick Curtis
|
0-0: Ball 1-0: Ball 2-0: Called Strike 2-1: Foul Ball, location: 2F 2-2: Ball 3-2: Foul Ball, location: 2F 3-2: Base on Balls
|
Batting: SHB Wilson Bray
|
0-0: Ball 1-0: Ball 2-0: Fly out, F4 (Flyball, 4MD)
|
Top of the 6th over - 0 run(s), 0 hit(s), 0 error(s), 3 left on base; Montgomery 0 - Memphis 0 |
BOTTOM OF THE 6TH |
Memphis Blues batting - Pitching for Montgomery Biscuits : RHP Jorge Villalobos
|
Batting: RHB Dennis Mays
|
0-0: Swinging Strike 0-1: Foul Ball, location: 2F 0-2: Strikes out looking
|
Batting: LHB Weston Chaney
|
0-0: Called Strike 0-1: Foul Ball, location: 2F 0-2: Ball 1-2: Ball 2-2: Ball 3-2: Foul Ball, location: 2F 3-2: Fly out, F8 (Flyball, 78D)
|
Batting: LHB Brenton Carter
|
0-0: Foul Ball, location: 2F 0-1: Called Strike 0-2: Ball 1-2: Fly out, F8 (Line Drive, 8RM)
|
Bottom of the 6th over - 0 run(s), 0 hit(s), 0 error(s), 0 left on base; Montgomery 0 - Memphis 0 |
TOP OF THE 7TH |
Montgomery Biscuits batting - Pitching for Memphis Blues : RHP Micheal Wood
|
Pinch Hitting: RHB Bob McDonald
|
0-0: Ball 1-0: Ground out 4-3 (Groundball, 4)
|
Batting: SHB Lawrence Farley
|
0-0: Called Strike 0-1: Ball 1-1: SINGLE (Line Drive, 56D)
|
Batting: SHB Hoyt Norris
|
0-0: Ball 1-0: Swinging Strike 1-1: Ball 2-1: Ball 3-1: Foul Ball, location: 2F 3-2: Base on Balls Lawrence Farley to second
|
Pinch Hitting: SHB Marvin López
|
0-0: Ball 1-0: Ball 2-0: Called Strike 2-1: DOUBLE (Line Drive, 9LS) Lawrence Farley scores Hoyt Norris to third Runner from 3rd tries for Home, SAFE, throw made home
|
Pitching: RHP David Bates
|
|
Batting: RHB Reinaldo Amarante
|
0-0: Called Strike 0-1: Fly out, F9 (Flyball, 9S)
|
Batting: RHB Lorenzo Tamayo
|
0-0: Ball 1-0: Ball 2-0: Called Strike 2-1: Ball 3-1: Called Strike 3-2: Foul Ball, location: 2F 3-2: Base on Balls
|
Batting: SHB Joe Pierce
|
0-0: Foul Ball, location: 2F 0-1: Foul Ball, location: 2F 0-2: Foul Ball, location: 2F 0-2: Ball 1-2: Foul Ball, location: 2F 1-2: SINGLE (Groundball, 34D) Marvin López to third Lorenzo Tamayo to second Runner from 3rd tries for Home, SAFE, no throw
|
Batting: RHB Frederick Curtis
|
0-0: Ball 1-0: Fielders Choice at 2nd, 5-4 (Groundball, 5)
|
Top of the 7th over - 3 run(s), 3 hit(s), 0 error(s), 1 left on base; Montgomery 3 - Memphis 0 |
BOTTOM OF THE 7TH |
Memphis Blues batting - Pitching for Montgomery Biscuits : RHP Jorge Villalobos
|
Pitching: RHP Raúl Martínez
|
|
Now at 1B: Kenneth Cruz
|
|
Now in LF: Bob McDonald
|
|
Batting: LHB Nick Gamble
|
0-0: Ball 1-0: Ball 2-0: Swinging Strike 2-1: Ball 3-1: SINGLE (Line Drive, 6MD)
|
Batting: RHB Leopoldo Horgan
|
0-0: Foul Ball, location: 2F 0-1: Swinging Strike 0-2: Foul Ball, location: 2F 0-2: Ball 1-2: Strikes out swinging
|
Batting: LHB Armando Domínguez
|
0-0: Ball 1-0: Ball 2-0: Ball 3-0: Base on Balls Nick Gamble to second
|
Batting: RHB Robert Rose
|
0-0: Ball 1-0: Ball 2-0: Foul Ball, location: 2F 2-1: Ball 3-1: Foul Ball, location: 2F 3-2: Base on Balls Nick Gamble to third Armando Domínguez to second
|
Batting: RHB Ángel Hernández
|
0-0: Ball 1-0: Ground out 6-3 (Groundball, 6S) Nick Gamble scores Armando Domínguez to third Robert Rose to second
|
Batting: SHB Terry Dailey
|
0-0: Ball 1-0: Ball 2-0: Foul Ball, location: 2F 2-1: Ball 3-1: Swinging Strike 3-2: Base on Balls
|
Pinch Hitting: RHB Dave Wookey
|
0-0: Ball 1-0: Foul Ball, location: 2F 1-1: Foul Ball, location: 2F 1-2: SINGLE (Line Drive, 7S) Armando Domínguez scores Robert Rose to third Terry Dailey to second
|
Pitching: RHP Enrique Boyd
|
|
Batting: LHB Weston Chaney
|
0-0: Called Strike 0-1: Called Strike 0-2: Fielders Choice at 2nd, 5-4 (Groundball, 56)
|
Bottom of the 7th over - 2 run(s), 2 hit(s), 0 error(s), 2 left on base; Montgomery 3 - Memphis 2 |
TOP OF THE 8TH |
Montgomery Biscuits batting - Pitching for Memphis Blues : RHP David Bates
|
Now in RF: Dave Wookey
|
|
Batting: SHB Wilson Bray
|
0-0: Fly out, F8 (Flyball, 8LS)
|
Batting: RHB Bob McDonald
|
0-0: Ball 1-0: Ball 2-0: Ball 3-0: Base on Balls
|
Batting: SHB Lawrence Farley
|
0-0: Called Strike 0-1: Called Strike 0-2: Strikes out swinging
|
Batting: SHB Hoyt Norris
|
0-0: Ball 1-0: Ball Wild Pitch! Bob McDonald to second 2-0: Fly out, F3 (Popup, 3L)
|
Top of the 8th over - 0 run(s), 0 hit(s), 0 error(s), 1 left on base; Montgomery 3 - Memphis 2 |
BOTTOM OF THE 8TH |
Memphis Blues batting - Pitching for Montgomery Biscuits : RHP Enrique Boyd
|
Now at C: Lawrence Davidson
|
|
Batting: LHB Brenton Carter
|
0-0: Called Strike 0-1: Ball 1-1: Fly out, F8 (Flyball, 8LM)
|
Batting: LHB Nick Gamble
|
0-0: Ball 1-0: Foul Ball, location: 2F 1-1: Ball 2-1: Ball 3-1: Base on Balls
|
Pinch Hitting: LHB Jorge Silva
|
0-0: Foul Ball, location: 2F 0-1: Ball 1-1: Called Strike 1-2: Foul Ball, location: 2F 1-2: Fly out, F9 (Flyball, 9D)
|
Batting: LHB Armando Domínguez
|
0-0: Ball 1-0: Foul Ball, location: 2F 1-1: Called Strike 1-2: Ball 2-2: Foul Ball, location: 2F 2-2: Fly out, F5 (Line Drive, 5S)
|
Bottom of the 8th over - 0 run(s), 0 hit(s), 0 error(s), 1 left on base; Montgomery 3 - Memphis 2 |
TOP OF THE 9TH |
Montgomery Biscuits batting - Pitching for Memphis Blues : RHP David Bates
|
Now at 3B: Ángel López
|
|
Batting: SHB Kenneth Cruz
|
0-0: Ball 1-0: Ball 2-0: Ball 3-0: Base on Balls
|
Pitching: RHP Ramón Flores
|
|
Batting: RHB Reinaldo Amarante
|
0-0: Ball 1-0: Called Strike 1-1: Called Strike 1-2: TRIPLE (Flyball, 8RD) Kenneth Cruz scores
|
Batting: RHB Lorenzo Tamayo
|
0-0: Intentional Walk
|
Batting: SHB Joe Pierce
|
0-0: Ball 1-0: Called Strike 1-1: Ball 2-1: Foul Ball, location: 2F 2-2: DOUBLE (Line Drive, 78M) Reinaldo Amarante scores Lorenzo Tamayo to third
|
Batting: RHB Frederick Curtis
|
0-0: Ground out 1-3 (Groundball, 13S)
|
Batting: RHB Lawrence Davidson
|
0-0: Swinging Strike 0-1: Ball 1-1: Ball 2-1: Ground out U3 (Groundball, 3)
|
Batting: RHB Bob McDonald
|
0-0: Ball 1-0: Called Strike 1-1: SINGLE (Groundball, 56D) Lorenzo Tamayo scores Joe Pierce to third Runner from 3rd tries for Home, SAFE, no throw
|
Pitching: RHP Vincent Hunter
|
|
Batting: SHB Lawrence Farley
|
0-0: Ball 1-0: Called Strike 1-1: Foul Ball, location: 2F 1-2: Foul Ball, location: 2F 1-2: Ball 2-2: Foul Ball, location: 2F 2-2: Ground out 4-3 (Groundball, 34S)
|
Top of the 9th over - 4 run(s), 3 hit(s), 0 error(s), 1 left on base; Montgomery 7 - Memphis 2 |
BOTTOM OF THE 9TH |
Memphis Blues batting - Pitching for Montgomery Biscuits : RHP Enrique Boyd
|
Batting: RHB Robert Rose
|
0-0: Ball 1-0: Called Strike 1-1: Called Strike 1-2: Fly out, F6 (Popup, 6MS)
|
Batting: RHB Ángel Hernández
|
0-0: Ball 1-0: Called Strike 1-1: Ball 2-1: Ball 3-1: Foul Ball, location: 2F 3-2: Fly out, F7 (Line Drive, 7)
|
Batting: SHB Terry Dailey
|
0-0: Ball 1-0: Ground out 1-3 (Groundball, 13)
|
Bottom of the 9th over - 0 run(s), 0 hit(s), 0 error(s), 0 left on base; Montgomery 7 - Memphis 2 |
|